 Dungeon Crawl Stone Soup version 0.31.0-32-g396128a36d (webtiles) character file.

Game seed: 4417455711192420224

63 PaiMei the Grave Robber (level 3, -3/26 HPs)
             Began as a Demonspawn Necromancer on Apr 6, 2024.
             Slain by an orc
             ... wielding a +0 flail
              (10 damage)
             ... on level 3 of the Dungeon.
             The game lasted 00:03:03 (2217 turns).

PaiMei the Grave Robber (Demonspawn Necromancer)    Turns: 2217, Time: 00:03:04

Health: -3/26      AC:  2    Str:  8    XL:     3   Next: 87%
Magic:  15/15      EV: 13    Int: 17    God:
Gold:   65         SH:  0    Dex: 19    Spells: 3/7 levels left

rFire   . . .        o - +0 dagger (drain)
rCold   . . .        (no shield)
rNeg    . . .        a - +0 robe
rPois   .            (no helmet)
rElec   .            (no cloak)
rCorr   .            (no gloves)
SInv    .            (no boots)
Will    .....        (no amulet)
Stlth   ++           m - +6 ring of dexterity
HPRegen 0.24/turn    p - ring of magical power
MPRegen 0.14/turn

%: no passive effects
@: no status effects
A: powered by pain 2
a: no special abilities


You were on level 3 of the Dungeon.
You visited 1 branch of the dungeon, and saw 3 of its levels.

You collected 65 gold pieces.

Inventory:

Hand Weapons
 g - a +0 dagger
 o - a +0 dagger of draining (weapon)
 q - the +9 dagger of Spores {flame, rElec rPois rCorr Int-5}
   (You found it on level 2 of the Dungeon)

   Int-5:     It affects your intelligence (-5).
   rElec:     It insulates you from electricity.
   rPois:     It protects you from poison rCorr: It protects you from acid and
   corrosion.
Missiles
 f - 5 poisoned darts (quivered)
Armour
 a - a +0 robe (worn)
Jewellery
 m - a +6 ring of dexterity (left hand)
 p - a ring of magical power (right hand)
Scrolls
 d - a scroll of identify {unknown}
 e - 2 scrolls of enchant weapon {unknown}
 i - 2 scrolls of noise {unknown}
 j - 3 scrolls of teleportation {unknown}
 l - a scroll of revelation {unknown}
 n - a scroll of torment {unknown}
 r - 3 scrolls of fog {unknown}
Potions
 b - a potion of magic
 c - a potion of haste {unknown}
 h - a potion of resistance {unknown}
 k - 4 potions of curing {unknown}


   Skills:
 + Level 1.0 Fighting
 + Level 2.4 Dodging
 - Level 2.2 Stealth
 + Level 2.6 Spellcasting
 + Level 4.8 Necromancy


You had 3 spell levels left.
You knew the following spells:

 Your Spells              Type           Power      Damage    Failure   Level
a - Necrotise             Necr           72%        1d7       2%          1
b - Vampiric Draining     Necr           18%        2d7       8%          3

Your spell library contained the following spells:

 Spells                   Type           Power      Damage    Failure   Level
 Animate Dead             Necr           18%        N/A       24%         4
 Curse of Agony           Necr           18%        N/A       56%         5
 Iskenderun's Battlesphe  Conj           2%         2d6       99%         5
 Bombard                  Conj/Erth      1%         9d1       100%        6
 Spellforged Servitor     Conj/Summ      1%         N/A       100%        7


Dungeon Overview and Level Annotations

Branches:
Dungeon (3/15)

Altars:
Fedhas

Shops:
D:1 *


Innate Abilities, Weirdness & Mutations

You sometimes gain power by taking damage.


Message History

Aiming: Necrotise (safe; 2% risk of failure)
Press: ? - help, Shift-Dir - straight line, f - orc wizard
Aim: an orc wizard, wielding a +0 dagger and wearing a +0 robe (chance to affect: 76%)
The orc wizard barely resists.
The orc wizard casts a spell at you. The puff of flame hits you.
You see here a dart slug corpse.
Casting: Necrotise (safe; 2% risk of failure)
Confirm with . or Enter, or press ? or * to list all spells.
You can't see any susceptible monsters within range! (Use Z to cast anyway.)
The orc wizard hits your quokka skeleton with a +0 dagger.
Your quokka skeleton bites the orc wizard.
Your quokka skeleton bites the orc wizard but does no damage.
The orc wizard barely misses your quokka skeleton.
The orc hits your quokka skeleton with a +0 flail!
Your quokka skeleton is destroyed!
The orc attacks as it pursues you! The orc barely misses you.
You hit the orc. You drain the orc.
You kill the orc!
Your Fighting skill increases to level 1!
The orc hits you with a +0 flail.
You see here a +0 flail.
You hit the orc but do no damage. You drain the orc.
The orc is heavily wounded.
The orc hits you but does no damage.
You closely miss the orc.
The orc is heavily wounded.
The orc misses you.
You completely miss the orc.
The orc is heavily wounded.
You barely miss the orc wizard.
The orc wizard is lightly wounded.
The orc hits you with a +0 flail.
You hit the orc. You drain the orc.
The orc is severely wounded.
The orc hits you with a +0 flail!
* * * LOW HITPOINT WARNING * * *
You focus on the pain.
You feel your power returning. The orc hits you with a +0 flail!
You die...

#..P.P..# .......#
#..._..## ....#.#
#..P.P.## #
.....########.......#
.#.<..#............#.#
.....#.#######....#.#
.####...#.. #....#..
........#.#######....#.#
#.#@#.#..........#.#
#####.#o#.#..........#.#
.#.....#o#.#.......[..#..
........o!...............
.#.....#.#.#..........###
#.....#†#.#####.....## #
#.....#.#.# #.....# #
#.....+.#.# #.......
#.....###.# #.......


You could see an orc wizard and 2 orcs.

Vanquished Creatures
  An adder (D:2)
  3 dart slugs
  A ribbon worm (D:2)
  An orc (D:3)
  3 endoplasms
  4 giant cockroaches
  5 goblins
  3 hobgoblins
  3 quokkas
  A ball python (D:1)
  5 bats
  3 frilled lizards
  3 kobolds
  7 rats
43 creatures vanquished.

Vanquished Creatures (collateral kills)
  A goblin (D:2)
  A frilled lizard (D:1)
2 creatures vanquished.

Grand Total: 45 creatures vanquished

Notes
Turn   | Place    | Note
-------+----------+-------------------------------------------
     0 | D:1      | PaiMei the Demonspawn Necromancer began the quest for the
                  | Orb.
     0 | D:1      | Reached XP level 1. HP: 13/13 MP: 3/3
   208 | D:1      | Gained mutation: You sometimes gain a little power by
                  | taking damage. [demonic ancestry]
   208 | D:1      | Reached XP level 2. HP: 6/19 MP: 0/5
   684 | D:1      | Found Taraff's General Store.
  1110 | D:2      | Gained mutation: You sometimes gain power by taking damage.
                  | [demonic ancestry]
  1110 | D:2      | Reached XP level 3. HP: 24/24 MP: 3/6
  1114 | D:2      | Learned a level 3 spell: Vampiric Draining
  1235 | D:2      | Found a faded altar of an unknown god.
  1564 | D:2      | Identified the +9 dagger of Spores {flame, rElec rPois
                  | rCorr Int-5}
  2158 | D:3      | Found a blossoming altar of Fedhas.
  2168 | D:3      | Identified the +1 chain mail of Zabb {rF- rC+ rN+ SInv}
  2210 | D:3      | Reached skill level 1 in Fighting
  2217 | D:3      | Slain by an orc

Illustrated notes

Levels and vault maps discovered:
D:1:      erik_arrival_blinker_ship, layout_rooms, serial_shops, shop,
          serial_bayou_crossing
D:2:      layout_basic, dreamdust_ecumenical_altar_hidden_monk_grotto,
          nicolae_titane
D:3:      layout_basic, fedhas_altar_1, xom_redecorated, dk_vineyard_1,
          minmay_misc_feat_room, columned_hall_lemuel

Skill      XL: |  1  2  3 |
---------------+----------+-----
Stealth        | 2 |  2.2
Dodging        | 2 |  2.4
Fighting       | 1 |  1.0
Spellcasting   | |  2.6
Necromancy     | |  4.8

Action                     || total
---------------------------++-------
  Melee: Dagger            ||    27
   Cast: Necrotise         ||    72
 Armour: Robe              ||    21
  Dodge: Dodged            ||    30
